 Dungeon Crawl Stone Soup version 0.22-a0-303-g4a852b3 (webtiles) character file.

1921 Amnesiac the Nimble (level 9, -5/54 HPs)
             Began as a Tengu Air Elementalist on Mar 27, 2018.
             Slain by an orc
             ... wielding the +9 war axe of Honour {elec, MR+ Int+4 Stlth+}
              (15 damage)
             ... on level 6 of the Dungeon.
             The game lasted 00:10:11 (5497 turns).

Amnesiac the Nimble (Tengu Air Elementalist)        Turns: 5497, Time: 00:10:12

Health: -5/54      AC:  4    Str:  8    XL:     9   Next: 17%
Magic:  4/17       EV: 18    Int: 19    God:
Gold:   294        SH:  0    Dex: 15    Spells: 13/17 levels left

rFire    . . .     SeeInvis .   a - +3 quarterstaff (chaos)
rCold    . . .     Gourm    .   (shield currently unavailable)
rNeg     . . .     Faith    .   n - +0 robe
rPois    .         Spirit   .   (helmet restricted)
rElec    .         Reflect  .   m - +1 cloak
rCorr    .         Harm     .   (no gloves)
MR       .....                  (boots unavailable)
Stlth    ++........             (no amulet)
HPRegen  0.18/turn              i - ring of flight
MPRegen  0.15/turn              (no ring)

@: no status effects
A: beak, talons 3, able to fly 1
a: Fly, Evoke Flight


You were on level 6 of the Dungeon.
You were not hungry.

You visited 1 branch of the dungeon, and saw 6 of its levels.
You also visited: Ossuary.

You collected 294 gold pieces.

Inventory:

Hand Weapons
 a - a +3 quarterstaff of chaos (weapon)
 b - a +0 blowgun
Missiles
 f - 3 curare-tipped needles
 g - 8 needles of confusion
 o - 3 needles of paralysis
 p - 11 poisoned needles
Armour
 m - a +1 cloak (worn)
 n - a +0 robe (worn)
Jewellery
 i - a ring of flight (left hand)
Wands
 h - a wand of scattershot (2)
Scrolls
 d - 3 scrolls of amnesia {!r}
 q - 5 scrolls of remove curse {!r}
 v - 3 scrolls of blinking {!r}
Potions
 e - 2 potions of haste {!q}
 k - 2 potions of might {!q}
 l - a potion of flight {!q}
 r - a potion of heal wounds {!q}
 s - 4 potions of curing {!q}
 t - a potion of magic {!q}
 w - 2 potions of lignification {!q}
 z - a potion of cancellation {!q}
Comestibles
 c - 9 rations


   Skills:
 + Level 5.0 Fighting
 * Level 8.4 Dodging
 - Level 2.0 Stealth
 + Level 4.8 Spellcasting
   Level 1.3 Conjurations
 - Level 8.0 Air Magic


You had 13 spell levels left.
You knew the following spells:

 Your Spells              Type           Power        Failure   Level  Hunger
a - Airstrike             Air            #####.....   4%          4    ####...


Dungeon Overview and Level Annotations

Branches:
Dungeon (6/15)
 Temple: D:4-7

Altars:
The Shining One

Annotations:
D:6 Grinder


Innate Abilities, Weirdness & Mutations

You have a beak for a mouth.
You have claws for feet.
You can fly.


Message History

The orc moves out of view.
The giant cockroach misses you.
You sock the giant cockroach!
You kill the giant cockroach!
No target in view!
You feel sick.
You start resting.
You feel sick. 2 orcs come into view.
An orc is wielding a faintly glowing war axe {elec}.
Casting: Airstrike (safe; 4% risk of failure)
Confirm with . or Enter, or press ? or * to list all spells.
Aiming: Airstrike (safe; 4% risk of failure)
Press: ? - help, Dir - move target cursor, f - orc
Aim: an orc, wielding a mace and wearing a ring mail The air twists around and strikes the orc!
You kill the orc!
The orc shouts!
You feel sick.
You hear a shout!
Grinder comes into view.
You feel sick.
You are no longer poisoned.
Grinder drinks a potion.
Grinder seems to speed up.
Okay, then.
Evoke which item? (* to show all) (? for menu, Esc to quit)
Aiming: Scattershot
Press: ? - help, Shift-Dir - straight line, f - Grinder
Aim: Grinder (fast)
The burst of metal fragments hits Grinder. x3
Grinder is moderately wounded.
Grinder hits you.
* * * LOW HITPOINT WARNING * * *
You writhe in agony.
* * * LOW HITPOINT WARNING * * *
The orc closely misses you. Grinder gestures at you.
You resist with some effort.
Really quaff
r - 2 potions of heal wounds {!q}?
You feel much better. Grinder hits you. The orc barely misses you.
Evoke which item? (* to show all) (? for menu, Esc to quit)
Aiming: Scattershot
Press: ? - help, Shift-Dir - straight line, f/p - Grinder
Aim: Grinder (lightly wounded, fast)
The burst of metal fragments hits Grinder. x4
Grinder is severely wounded.
Grinder hits you!
You writhe in agony.
Grinder blinks!
Grinder gestures at you. Pain shoots through your body!
* * * LOW HITPOINT WARNING * * *
The orc barely misses you. Grinder closely misses you.
There is a stone staircase leading down here.
Evoke which item? (* to show all) (? for menu, Esc to quit)
Aiming: Scattershot
Press: ? - help, Shift-Dir - straight line, f/p - Grinder
Aim: Grinder (severely wounded, fast)
The burst of metal fragments hits Grinder. x2
Grinder is almost dead.
Grinder gestures at you. Pain shoots through your body!
* * * LOW HITPOINT WARNING * * *
The orc hits you with a faintly glowing war axe {elec}!
* * * LOW HITPOINT WARNING * * *
You are electrocuted!
You die...

..).####
##)#......#
.......#
#........#
.......#
#....))..###
.......#
#...........
##.....#
#...........
#.....#
#...o.......
#.....#
#...........
#.....#
##....)..##..
#######
#...o@...# .
###.5....#
#......#
#......#
#......#
#......#
########


You could see Grinder and 2 orcs.

Vanquished Creatures
  The ghost of Arum the Nimble, a novice SpGl of Makhleb (D:5)
  Menkaure (D:6)
  A sky beast (D:5)
  An ogre (D:4)
  A centaur (D:5)
  Blork the orc (D:6)
  An elf zombie (Ossuary)
  2 scorpions
  A howler monkey (D:4)
  2 crimson imps (D:5)
  A bullfrog skeleton (D:4)
  A centaur zombie (Ossuary)
  2 orc wizards
  Crazy Yiuf (D:2)
  3 hounds (D:4)
  A human zombie (Ossuary)
  5 orc priests
  A centaur skeleton (D:4)
  An iguana (D:6)
  Ijyb (D:5)
  Terence (D:2)
  A worker ant (D:3)
  A big kobold zombie (Ossuary)
  3 hound zombies (Ossuary)
  3 mummies (Ossuary)
  A howler monkey zombie (D:6)
  10 gnolls
  9 adders
  2 oozes
  3 adder zombies (Ossuary)
  An adder skeleton (D:4)
  2 worms
  4 dart slugs
  6 leopard geckos
  20 orcs
  8 bats
  9 giant cockroaches
  4 goblins
  7 hobgoblins
  3 ball pythons
  5 frilled lizards
  A giant cockroach zombie (D:6)
  3 gnoll zombies (Ossuary)
  4 goblin zombies (Ossuary)
  4 hobgoblin zombies (Ossuary)
  4 jackal zombies (Ossuary)
  6 kobolds
  7 kobold zombies (Ossuary)
  A leopard gecko skeleton (D:4)
  A leopard gecko zombie (D:4)
  An orc zombie (Ossuary)
  A quokka zombie (Ossuary)
  3 rats
  3 rat zombies (Ossuary)
171 creatures vanquished.

Notes
Turn   | Place    | Note
-------+----------+-------------------------------------------
     0 | D:1      | Amnesiac the Tengu Air Elementalist began the quest for the Orb.
     0 | D:1      | Reached XP level 1. HP: 10/10 MP: 4/4
   216 | D:1      | Reached XP level 2. HP: 15/15 MP: 4/6
   264 | D:1      | Found a glowing golden altar of the Shining One.
   838 | D:2      | Reached XP level 3. HP: 20/20 MP: 5/7
   932 | D:2      | Noticed Terence
   951 | D:2      | Killed Terence
   951 | D:2      | Reached skill level 1 in Fighting
   951 | D:2      | Reached XP level 4. HP: 19/25 MP: 0/8
   970 | D:2      | Learned a level 4 spell: Airstrike
  1027 | D:2      | Reached skill level 5 in Air Magic
  1408 | D:2      | Gained mutation: You can fly. [Tengu growth]
  1408 | D:2      | Reached XP level 5. HP: 29/29 MP: 5/10
  1614 | D:2      | Found a runed door.
  1676 | D:2      | Noticed Crazy Yiuf
  1681 | D:2      | Killed Crazy Yiuf
  1862 | D:3      | Reached XP level 6. HP: 35/35 MP: 7/11
  2623 | D:4      | Reached skill level 5 in Dodging
  2623 | D:4      | Reached XP level 7. HP: 40/40 MP: 2/13
  3583 | D:5      | Entered Level 5 of the Dungeon
  3768 | D:5      | Reached XP level 8. HP: 5/46 MP: 0/14
  3823 | D:5      | Found a sand-covered staircase.
  3825 | D:5      | Noticed Ijyb
  4003 | D:5      | Killed Ijyb
  4016 | Ossuary  | Entered an ossuary
  4628 | D:5      | Noticed Arum's ghost (novice SpGl)
  4648 | D:5      | Killed Arum's ghost
  5187 | D:6      | Noticed Blork the orc
  5192 | D:6      | Killed Blork the orc
  5192 | D:6      | Reached XP level 9. HP: 52/52 MP: 3/16
  5278 | D:6      | Noticed Menkaure
  5285 | D:6      | Killed Menkaure
  5442 | D:6      | Reached skill level 5 in Fighting
  5486 | D:6      | Noticed Grinder
  5497 | D:6      | Identified the +9 war axe of Honour {elec, MR+ Int+4 Stlth+}
  5497 | D:6      | Slain by an orc

Vault maps used:
D:1:      sevenhm_arrival_forest_fort_small_5, tso_metal_star
D:2:      minmay_wonky_spiral, first_ration, hangedman_decor_slide_cut,
          uniq_terence, uniq_crazy_yiuf_cottage
D:4:      minmay_diamond_boxcup
D:5:      chequers_ossuary_entry_cave, uniq_ijyb
D:6:      temple_green, uniq_menkaure, uniq_grinder, uniq_blork_the_orc
Ossuary:  minmay_ossuary_two_tombs

Skill      XL: |  1  2  3  4  5  6  7  8  9 |
---------------+----------------------------+-----
Dodging        | 3 4 5 6 8 |  8.4
Fighting       | 1 2 3 4 5 |  5.0
Air Magic      | 5 6 7 8 |  8.0
Spellcasting   | 3 4 |  4.8
Stealth        | |  2.0
Conjurations   | |  1.3

Action                   |  1- 3 |  4- 6 |  7- 9 || total
-------------------------+-------+-------+-------++-------
Melee: Unarmed           |     8 |     1 |       ||     9
       Kick              |     2 |     7 |    37 ||    46
       Quarterstaff      |       |    56 |   165 ||   221
       Peck              |       |     8 |    28 ||    36
 Fire: Blowgun           |       |     4 |       ||     4
 Cast: Shock             |    46 |    93 |    37 ||   176
       Airstrike         |       |     3 |    40 ||    43
Evoke: Wand              |       |       |     3 ||     3
  Use: Scroll            |       |       |    21 ||    21
       Potion            |       |       |     2 ||     2
 Stab: Sleeping          |       |       |     2 ||     2
  Eat: Chunk             |     1 |     6 |    13 ||    20
       Ration            |       |       |     1 ||     1
Armor: Robe              |     1 |     6 |    32 ||    39
Dodge: Dodged            |     6 |    54 |   165 ||   225

Table legend:
 A = Spawn XP
 B = Non-spawn XP
 C = Spawn XP percentage of total XP
 D = Spawn monster count
 E = Non-spawn monster count
 F = Spawn count percentage of total count
 G = Total turns spent on level
                    A         B        C        D         E        F      G
               +---------+---------+-------+---------+---------+-------+---------
         Total |       0 |    2745 |   0.0 |       0 |     171 |   0.0 |  5497
               +---------+---------+-------+---------+---------+-------+---------
           D:1 |       0 |      32 |   0.0 |       0 |      15 |   0.0 |   909
           D:2 |       0 |     192 |   0.0 |       0 |      27 |   0.0 |   807
           D:3 |       0 |     290 |   0.0 |       0 |      33 |   0.0 |   574
           D:4 |       0 |     547 |   0.0 |       0 |      24 |   0.0 |  1354
           D:5 |       0 |     863 |   0.0 |       0 |      19 |   0.0 |   989
           D:6 |       0 |     458 |   0.0 |       0 |      13 |   0.0 |   312
       Ossuary |       0 |     363 |   0.0 |       0 |      40 |   0.0 |   552
               +---------+---------+-------+---------+---------+-------+---------
